 Dungeon Crawl Stone Soup version 0.26-a0-1177-g1209ec82b9 (webtiles) character file.

Game seed: 11388569778096237657

100 wythoutpain the Sneak (level 4, 15/18 (21) HPs)
             Began as a Spriggan Enchanter on Dec 24, 2020.
             Quit the game on level 2 of the Dungeon.
             The game lasted 00:14:19 (2537 turns).

wythoutpain the Sneak (Spriggan Enchanter)          Turns: 2537, Time: 00:14:19

HP:   15/18 (21)    AC:  3    Str:  5    XL:     4   Next: 47%
MP:   4/10          EV: 19    Int: 16    God:
Gold: 134           SH:  0    Dex: 16    Spells: 1/10 levels left

rFire    . . .     SeeInvis +   a - +1 dagger
rCold    . . .     Faith    .   (shield restricted)
rNeg     . . .     Spirit   .   b - +1 robe
rPois    +         Reflect  .   (helmet restricted)
rElec    .         Harm     .   (no cloak)
rCorr    .         Rampage  .   (gloves unavailable)
Will     .....                  (boots unavailable)
Stlth    +++.......             (no amulet)
HPRegen  0.06/turn              d - ring of poison resistance
MPRegen  0.12/turn              (no ring)

@: heavily drained, very quick
A: very small, unfitting armour, see invisible, speed 3
a: no special abilities


You were on level 2 of the Dungeon.
You visited 1 branch of the dungeon, and saw 2 of its levels.

You collected 134 gold pieces.

Inventory:

Hand Weapons
 a - a +1 dagger (weapon)
Missiles
 f - 57 stones
 h - 21 sling bullets
Armour
 b - a +1 robe (worn)
Jewellery
 d - a ring of poison resistance (left hand)
Scrolls
 c - 2 scrolls of identify
 g - a scroll of amnesia {unknown}
 k - a scroll of magic mapping {unknown}
Potions
 e - 2 potions of curing
 i - a potion of flight {unknown}
 j - a potion of attraction {unknown}


   Skills:
 + Level 0.5 Fighting
 + Level 1.4 Short Blades
 + Level 3.6 Dodging
 + Level 5.5 Stealth
 + Level 3.6 Spellcasting
 + Level 4.7 Hexes


You had one spell level left.
You knew the following spells:

 Your Spells              Type           Power        Failure   Level
a - Corona                Hex            18%          2%          1
b - Ensorcelled Hibernat  Hex/Ice        20%          10%         2
c - Confusing Touch       Hex            17%          8%          3
d - Tukima's Dance        Hex            17%          8%          3

Your spell library contained the following spells:

 Spells                   Type           Power        Failure   Level
 Dazzling Flash           Conj/Hex       20%          21%         3


Dungeon Overview and Level Annotations

Branches:
Dungeon (2/15)

Altars:
Uskayaw
Yredelemnul


Innate Abilities, Weirdness & Mutations

You are very small and have problems with some larger weapons.
You are too small for most types of armour.
You have supernaturally acute eyesight. (SInv)
You cover ground extremely quickly.


Message History

You hit the spectral orc but do no damage.
The spectral orc misses you.
You hit the spectral orc but do no damage.
The spectral orc barely misses you.
You hit the spectral orc but do no damage.
The spectral orc hits you.
You feel drained.
You hit the spectral orc but do no damage.
The spectral orc closely misses you.
You hit the spectral orc but do no damage.
The spectral orc hits you.
You hit the spectral orc but do no damage.
The spectral orc barely misses you.
You hit the spectral orc but do no damage.
Your magical contamination has completely faded away.
You hit the spectral orc but do no damage.
The spectral orc barely misses you.
You hit the spectral orc but do no damage.
Your hands stop glowing.
The spectral orc hits you but does no damage.
Are you sure you want to abandon this character and quit the game? (Confirm with "yes".)

......#..#.#.###.#.#......#######
.....###...#.##....†.............
......#..).......#.#.....#.......
#...#......#.##..#.#.....#.##.##.
#..)..._...#.......#######.##.##.
#..........###.....#### #.##....
#....#####.###........# #.#####.
#....#..(#.........##.## #.#####.
##.#.#..(#.###.#@......# #.......
#....#####.# #.#....#..# ###.....
#..........# #......#..# ######
#.##.......# ###.......# ## #
......#.#.## #.#####.# #^#.#
......#.#>#### #Z#####.##.^^.#
...###.......# #...Z....'^^._#
..†.....#.##.############....#
##.###.##.....# #.#.#


You could see a spectral orc.

Vanquished Creatures
  5 adders (D:2)
  3 dart slugs
  2 leopard geckos
  A giant cockroach (D:2)
  9 goblins
  4 hobgoblins
  2 ball pythons (D:2)
  6 bats
  4 frilled lizards
  6 kobolds
  11 rats
53 creatures vanquished.

Notes
Turn   | Place    | Note
-------+----------+-------------------------------------------
     0 | D:1      | wythoutpain the Spriggan Enchanter began the quest for the
                  | Orb.
     0 | D:1      | Reached XP level 1. HP: 9/9 MP: 5/5
   496 | D:1      | Reached XP level 2. HP: 13/13 MP: 4/6
  1332 | D:1      | Reached XP level 3. HP: 9/17 MP: 6/8
  1672 | D:2      | Noticed a +0 hand axe
  1673 | D:2      | Found a hide-covered altar of Uskayaw.
  1673 | D:2      | Noticed a +0 hand axe
  1925 | D:2      | Reached skill level 5 in Stealth
  2005 | D:2      | Reached XP level 4. HP: 21/21 MP: 10/10
  2078 | D:2      | Learned a level 2 spell: Ensorcelled Hibernation
  2082 | D:2      | Learned a level 3 spell: Confusing Touch
  2086 | D:2      | Learned a level 3 spell: Tukima's Dance
  2497 | D:2      | Found a basalt altar of Yredelemnul.
  2537 | D:2      | Quit the game

Illustrated notes

Levels and vault maps discovered:
D:1:      minmay_arrival_doors, layout_loops_ring
D:2:      layout_loops_cross, yredelemnul_forgotten_temple_becter,
          dancing_weapons_uskayaw

Skill      XL: |  1  2  3 |
---------------+----------+-----
Hexes          | 4 |  4.7
Spellcasting   | 3 |  3.6
Stealth        | 5 |  5.5
Fighting       | |  0.5
Short Blades   | |  1.4
Dodging        | |  3.6

Action                   |  1- 3 |  4- 6 || total
-------------------------+-------+-------++-------
Melee: Dagger            |   155 |    57 ||   212
 Cast: Corona            |    57 |    18 ||    75
       Confusing Touch   |       |     2 ||     2
  Use: Scroll            |     4 |       ||     4
 Stab: Sleeping          |    12 |     6 ||    18
Armor: Robe              |    17 |     3 ||    20
Dodge: Dodged            |   113 |    42 ||   155

Table legend: (Time is in decaauts)
 A = Elapsed time spent in this place.
 B = Non-inter-level travel time spent in this place.
 C = Inter-level travel time spent in this place.
 D = Time resting spent in this place.
 E = Time spent auto-exploring this place.
 F = Levels seen in this place.
 G = Mean time per level.
                   A        B        C        D        E       F      G
               +--------+--------+--------+--------+--------+-----+--------+
         Total |   2091 |   2086 |      5 |    441 |   1168 |   2 | 1045.5 |
       Dungeon |   2091 |   2086 |      5 |    441 |   1168 |   2 | 1045.5 |
               +--------+--------+--------+--------+--------+-----+--------+

Top non-repeatable levels by time:
     D:1: 1440 daAuts
     D:2: 651 daAuts
